 Dungeon Crawl Stone Soup version 0.30-a0-568-g124715a40b (webtiles) character file.

Game seed: 8524967227868147244

1785 drugrobin the Spear-Bearer (level 8, -1/62 HPs)
             Began as a Demigod Delver on Dec 29, 2022.
             Slain by an orc warrior
             ... wielding a +0 war axe
              (16 damage)
             ... in a bailey.
             The game lasted 00:19:36 (8409 turns).

drugrobin the Spear-Bearer (Demigod Delver)         Turns: 8409, Time: 00:19:37

Health: -1/62      AC:  9    Str: 27    XL:     8   Next: 52%
Magic:  10/10      EV:  9    Int: 15    God:
Gold:   925        SH:  0    Dex: 15    Spells: 7/7 levels left

rFire   . . .      SeeInvis .    a - +0 halberd
rCold   . . .      Faith    .    (shield currently unavailable)
rNeg    . . .      Spirit   .    e - +0 chain mail
rPois   .          Reflect  .    (no helmet)
rElec   .          Harm     .    o - +0 cloak
rCorr   .          Rampage  .    (no gloves)
Will    .....                    (no boots) Stlth
                                 L - amulet of regeneration
HPRegen 1.10/turn                d - ring "Wuvany" {Str+6 Int+3}
MPRegen 0.12/turn                E - ring of flight

@: flying
A: high MP 1, forlorn, divine attributes
a: no special abilities


You were in a bailey.
You visited 1 branch of the dungeon, and saw 8 of its levels.
You also visited: Sewer and Bailey.

You collected 925 gold pieces.

Inventory:

Hand Weapons
 a - a +0 halberd (weapon)
 b - a +0 trident
Missiles
 s - 4 javelins
 O - 14 boomerangs (quivered)
 P - 8 poisoned darts
Armour
 e - a +0 chain mail (worn)
 o - a +0 cloak (worn)
 r - a +0 cloak of willpower
Jewellery
 d - the ring "Wuvany" (left hand) {Str+6 Int+3}
   (You found it on level 7 of the Dungeon)

   [ring of strength]

   Str:       It affects your strength (+6).
   Int:       It affects your intelligence (+3).
 t - a ring of fire
 v - a ring of resist corrosion
 x - a ring of fire
 E - a ring of flight (right hand)
 G - a ring of willpower
 L - an amulet of regeneration (around neck)
Wands
 g - a wand of digging (10)
 B - a wand of light (7)
 F - a wand of flame (8)
 K - a wand of paralysis (16)
Scrolls
 c - 6 scrolls of fog
 i - 2 scrolls of blinking {unknown}
 n - 4 scrolls of amnesia {unknown}
 p - 5 scrolls of identify {unknown}
 q - 3 scrolls of enchant armour {unknown}
 w - a scroll of teleportation {unknown}
 y - a scroll of noise {unknown}
 z - 2 scrolls of enchant weapon {unknown}
 A - 2 scrolls of poison {unknown}
 I - 3 scrolls of immolation {unknown}
Potions
 f - 3 potions of haste
 h - 6 potions of curing {unknown}
 j - 3 potions of degeneration {unknown}
 k - 2 potions of invisibility {unknown}
 l - 2 potions of attraction {unknown}
 m - 2 potions of might
 u - 2 potions of flight
 J - a potion of heal wounds {unknown}
 M - a potion of mutation {unknown}


   Skills:
 - Level 2.6 Fighting
 + Level 10.6 Polearms
 - Level 1.7 Dodging
 - Level 4.5 Stealth


You had 7 spell levels left.
You didn't know any spells.
Your spell library contained the following spells:

 Spells                   Type           Power      Damage    Failure   Level
 Magic Dart               Conj           0%         1d3       88%         1
 Ensorcelled Hibernation  Hex/Ice        0%         N/A       96%         2
 Passwall                 Tmut/Erth      0%         N/A       96%         2
 Searing Ray              Conj           0%         2d4       96%         2
 Swiftness                Air            0%         N/A       99%         3
 Airstrike                Air            0%         2d(0-16)  100%        4
 Fulminant Prism          Conj/Hex       0%         3d5       100%        4
 Summon Lightning Spire   Summ/Air       0%         N/A       100%        4
 Blade Hands              Tmut           0%         N/A       100%        5
 Irradiate                Conj/Tmut      0%         3d11      100%        5
 Lightning Bolt           Conj/Air       0%         1d11      100%        5
 Dragon Form              Tmut           0%         N/A       100%        7


Dungeon Overview and Level Annotations

Branches:
Dungeon (8/15)             Temple (0/1) D:4           Sewer (visited)
 Bailey (1/1)
   Lair: D:8-11

Annotations:
D:7 2 transporters, gelatine's ghost, novice DsFi


Innate Abilities, Weirdness & Mutations

You have an increased reservoir of magic. (+10% MP)
You shall have no god before yourself.
Your divine heritage dramatically boosts your attributes as you level up.


Message History

a +0 hand axe; a +0 leather armour; 5 boomerangs You barely miss the orc.
The orc hits you with a +0 war axe.
You completely miss the orc. The orc closely misses you.
You closely miss the orc. The orc hits you with a +0 war axe.
You slash the orc!
You kill the orc!
The orc warrior shouts!
The orc warrior hits you with a +0 war axe!
Things that are here:
a +0 war axe; a +0 leather armour; an orc corpse You closely miss the orc warrior.
The orc warrior hits you with a +0 war axe!
You barely miss the orc warrior.
The orc warrior hits you with a +0 war axe!
You puncture the orc warrior!
The orc warrior is moderately wounded.
The orc warrior hits you with a +0 war axe!!
* * * LOW HITPOINT WARNING * * *
Unknown command.
Unknown command.
Unknown command.
Unknown command.
Unknown command.
Unknown command.
Unknown command.
Things that are here:
a +0 hand axe; a +0 leather armour; 5 boomerangs Unknown command.
Aiming: Paralyse
Press: ? - help, Shift-Dir - straight line, f - orc warrior
Aim: an orc warrior, wielding a +0 war axe and wearing a +0 plate armour (moderately wounded, chance to affect: 49%)
Okay, then.
Aiming: Bolt of Light
Press: ? - help, Shift-Dir - straight line, f - gnoll
Aim: a gnoll, wielding a +0 hand axe and wearing a +0 leather armour (75% to hit)
The bolt of light hits the orc warrior!
The orc warrior is severely wounded.
The orc warrior is blinded.
The bolt of light misses the gnoll.
The orc warrior hits you with a +0 war axe!
You die...

##..∩....†.####
##.............####
###≈≈≈≈≈≈≈≈~..†.....###
###≈≈≈≈≈≈≈≈≈≈≈≈≈~.......##
###≈≈≈≈#########≈≈≈≈≈......##
###≈≈≈≈≈∩#..KggK.#∩≈≈≈≈≈≈)....###
≈≈≈≈≈≈####.......####).≈~≈≈≈≈≈≈≈#
≈≈≈≈~.#..####o####..#.....~≈≈≈≈≈≈
≈≈≈)###...^...go@...###......####
≈≈..# '..####'####.)'.#.....###
....# #..# .... #..###)......#
#...# '..#.. #..#....⌠.....#
##..######. ##'#.........##
#.......#########...........##
##.......................####
###########.#############
###...##...#.#


You could see 2 orc warriors and a gnoll.

Vanquished Creatures
  A steam dragon (D:7)
  Edmund (D:5)
  A water moccasin (D:7)
  A black bear (D:5)
  An orc warrior (Bailey)
  An ogre (D:7)
  A kobold brigand (D:8)
  4 necrophages
  A scorpion (D:6)
  A howler monkey (D:4)
  A jelly (D:5)
  4 orc priests
  2 gnoll boudas
  4 iguanas
  2 orc wizards (D:3)
  7 gnolls
  2 river rats (Sewer)
  15 adders
  A shadow imp (D:6)
  An ufetubus (D:4)
  4 worms
  6 dart slugs
  20 orcs
  8 ball pythons
  7 bats
  5 endoplasms
  4 giant cockroaches
  9 goblins
  9 hobgoblins
  3 jackals (D:2)
  2 quokkas
  11 frilled lizards
  22 kobolds
  19 rats
181 creatures vanquished.

Notes
Turn   | Place    | Note
-------+----------+-------------------------------------------
     0 | D:5      | drugrobin the Demigod Delver began the quest for the Orb.
     0 | D:5      | Reached XP level 1. HP: 18/18 MP: 3/3
   262 | D:4      | Found a glowing drain.
   287 | D:4      | Reached skill level 2 in Polearms
   317 | D:4      | Reached XP level 2. HP: 22/25 MP: 4/4
   332 | D:4      | Reached skill level 3 in Polearms
   337 | D:4      | Reached XP level 3. HP: 4/30 MP: 5/5
   436 | Sewer    | Entered a sewer
   724 | Sewer    | Reached skill level 4 in Polearms
   821 | Sewer    | Reached XP level 4. HP: 35/37 MP: 6/6
  2206 | D:2      | Reached skill level 5 in Polearms
  2258 | D:2      | Reached XP level 5. HP: 40/42 MP: 7/7
  3593 | D:4      | Found a staircase to the Ecumenical Temple.
  3610 | D:4      | Reached skill level 6 in Polearms
  3731 | D:4      | Reached XP level 6. HP: 46/50 MP: 8/8
  4458 | D:5      | Reached skill level 7 in Polearms
  4647 | D:5      | Noticed Edmund
  4671 | D:5      | Killed Edmund
  4672 | D:5      | Reached XP level 7. HP: 28/56 MP: 9/9
  5273 | D:6      | Reached skill level 8 in Polearms
  6535 | D:7      | Found a transporter.
  6535 | D:7      | Noticed gelatine's ghost (novice DsFi)
  6537 | D:7      | Noticed a troll
  6540 | D:7      | Found a transporter.
  6639 | D:7      | Reached skill level 9 in Polearms
  6787 | D:7      | Reached XP level 8. HP: 43/62 MP: 10/10
  7021 | D:7      | Noticed a merfolk
  7199 | D:7      | Noticed a polar bear
  7565 | D:7      | Noticed a moth of wrath
  7571 | D:7      | a moth of wrath changed into a cyclops
  7571 | D:7      | Noticed a cyclops (shapeshifter)
  7645 | D:7      | Noticed a shining eye
  7663 | D:7      | a shining eye changed into a dream sheep
  7663 | D:7      | Noticed a dream sheep (shapeshifter)
  7816 | D:7      | Reached skill level 10 in Polearms
  7994 | D:7      | Identified the ring "Wuvany" {Str+6 Int+3}
  8138 | D:8      | Found a flagged portal.
  8195 | Bailey   | Entered a bailey
  8409 | Bailey   | Slain by an orc warrior

Illustrated notes

Levels and vault maps discovered:
D:1:      mrwooster_arrival_statue_3, layout_rooms
D:2:      layout_loops_ring, minmay_misc_feat_cross
D:3:      layout_loops_ring, mainiacjoe_overflow_catwalk,
          lemuel_coloured_pillars_altar, dk_vineyard_2
D:4:      layout_loops_corners, minmay_temple_entry_mist, gup_sewer_entry_glass
D:5:      layout_basic, minmay_curled_crystal, uniq_edmund
D:6:      layout_gridville
D:7:      layout_basic, gammafunk_ghost_arena
D:8:      layout_gridville, enter_bailey_4, kennysheep_potato
Bailey:   bailey_axe_4, bailey

Skill      XL: |  1  2  3  4  5  6  7  8 |
---------------+-------------------------+-----
Polearms       | 2 3 4 5 6 7 9 10 | 10.6
Fighting       | |  2.6
Dodging        | |  1.7
Stealth        | |  4.5

Action                   |  1- 3 |  4- 6 |  7- 9 || total
-------------------------+-------+-------+-------++-------
Melee: Spear             |   117 |   177 |       ||   294
       Trident           |       |   218 |   152 ||   370
       Punch             |       |     2 |       ||     2
       Halberd           |       |       |    99 ||    99
Throw: Javelin           |       |       |     5 ||     5
       Boomerang         |       |       |    32 ||    32
       Dart              |       |       |     2 ||     2
Evoke: Wand              |       |       |     1 ||     1
  Use: Scroll            |     2 |       |       ||     2
       Potion            |       |     1 |       ||     1
Armor: Chain mail        |    56 |   185 |    80 ||   321
       Leather armour    |     1 |       |       ||     1
Dodge: Dodged            |    27 |   127 |    69 ||   223

Table legend: (Time is in decaauts)
 A = Elapsed time spent in this place.
 B = Non-inter-level travel time spent in this place.
 C = Inter-level travel time spent in this place.
 D = Time resting spent in this place.
 E = Time spent auto-exploring this place.
 F = Levels seen in this place.
 G = Mean time per level.
                   A        B        C        D        E       F      G
               +--------+--------+--------+--------+--------+-----+--------+
         Total |   8425 |   8188 |    237 |    863 |   5181 |  10 |  842.5 |
       Dungeon |   7749 |   7512 |    237 |    800 |   4920 |   8 |  968.6 |
         Sewer |    452 |    452 |      0 |     63 |    170 |   1 |  452.0 |
        Bailey |    223 |    223 |      0 |      0 |     90 |   1 |  223.0 |
               +--------+--------+--------+--------+--------+-----+--------+

Top non-repeatable levels by time:
     D:7: 1591 daAuts
     D:6: 1248 daAuts
     D:5: 1213 daAuts
     D:3: 1171 daAuts
     D:4: 1052 daAuts
     D:2: 743 daAuts
     D:1: 655 daAuts
   Sewer: 452 daAuts
  Bailey: 223 daAuts
     D:8: 72 daAuts
